Map: Dusk Towers

Players

Amiko - Winner!

  • Race: Zerg Zerg

Gracz

  • Race: Terran Terran

VOD

Have the link to the VOD?

Description

Time

  • Played on: April 27, 2016, 12:26 p.m.
  • Length: 10:50
Show
View Real Time Build Order
Export as new Build Order

Amiko Zerg - Winner!

Build Orders: Hatch First, Zergling Baneling 

Get SALT Encoding   

  12  0:01  Drone  
  13  0:07  Drone  
  14  0:17  Extractor  
  14  0:19  Extractor, Drone  
  13  0:22  Drone  
  16  0:30  Overlord  
  16  0:52  Hatchery  
  16  0:53  Drone  
  16  0:57  Extractor  
  15  1:06  Drone x2  
  17  1:20  Spawning Pool  
  17  1:22  Drone  
  17  1:30  Overlord  
  17  1:33  Drone  
  18  1:43  Drone  
  19  1:52  Drone  
  20  2:05  Drone  
  20  2:07  Metabolic Boost  
  21  2:08  Queen  
  23  2:16  Queen  
  23  2:21  Drone  
  26  2:23  Drone  
  26  2:26  Drone  
  26  2:29  Drone  
  29  2:39  Drone x3  
  32  2:46  Baneling Nest  
  32  2:50  Drone  
  32  2:53  Overlord  
  32  3:02  Spine Crawler  
  31  3:07  Drone x3  
  34  3:17  Zergling x2  
  34  3:18  Zergling x4  
  37  3:30  Drone x4  
  37  3:32  Zergling x6  
  44  3:38  Baneling x3  
  44  3:39  Baneling  
  44  3:40  Baneling x2  
  44  3:48  Overlord  
  44  3:53  Baneling x2  
  44  4:06  Zergling x6  
  44  4:07  Zergling x6  
  50  4:18  Zergling x4  
  51  4:28  Overlord  
  51  4:29  Overlord  
  51  4:42  Overlord  
  51  4:44  Lair  
  51  4:47  Extractor  
  51  4:48  Hatchery  
  49  4:57  Zergling x2  
  49  4:58  Zergling x4  
  49  4:59  Zergling x6  
  55  5:05  Extractor  
  54  5:13  Zergling x6  
  54  5:14  Zergling x6  
  58  5:28  Zergling x2  
  58  5:29  Zergling x2  
  57  5:44  Zergling x4  
  57  5:45  Zergling x6  
  62  5:55  Zergling x4  
  64  5:58  Spire  
  64  6:03  Drone  
  64  6:39  Queen  
  64  6:40  Drone  
  64  6:41  Drone x2  
  69  7:12  Mutalisk x2  
  69  7:13  Mutalisk x2  
  77  7:16  Zergling x4  
  77  7:17  Zergling x2  
  80  7:22  Overseer  
  80  7:29  Drone x2  
  82  7:37  Overlord x3  
  82  7:38  Overlord  
  82  7:49  Overseer x2  
  82  8:18  Mutalisk x2  
  82  8:19  Mutalisk x2  
  90  8:31  Overseer  
  90  8:40  Mutalisk  
  92  8:43  Zergling x2  
  92  8:44  Zergling x12  
  92  8:45  Zergling x12  
  92  8:46  Overlord  
  92  8:47  Overlord x2  
  105  9:07  Mutalisk x2  
  109  9:41  Mutalisk x2  
  109  9:42  Corruptor  
  115  9:50  Corruptor  
  117  9:53  Overlord x4  
  117  9:54  Overlord  
Show
View Real Time Build Order
Export as new Build Order

Gracz Terran 

Build Orders: Reaper Expand 

Get SALT Encoding   

  12  0:05  SCV  
  13  0:14  Refinery  
  13  0:33  SCV  
  14  0:40  Supply Depot  
  14  0:45  SCV  
  15  1:02  Barracks  
  15  1:05  Barracks  
  15  1:06  SCV  
  16  1:18  SCV  
  17  2:25  Barracks  
  17  2:33  Factory  
  17  2:36  Barracks  
  17  2:39  Barracks Reactor x2  
  17  3:06  Command Center  
  17  3:29  Starport  
  17  3:39  Refinery  
  17  3:40  SCV  
  18  3:45  Marine  
  19  3:52  SCV  
  20  3:59  Bunker  
  20  4:03  Marine  
  20  4:04  SCV  
  20  4:09  Marine  
  23  4:17  Marine x4  
  24  4:27  Marine  
  25  4:35  Marine x3  
  28  4:42  Starport Tech Lab  
  28  4:43  Factory Tech Lab  
  28  4:50  SCV  
  28  4:51  Orbital Command  
  29  5:02  SCV  
  30  5:14  Bunker, SCV  
  22  5:26  SCV  
  2  8:34  Reaper  
  3  9:06  Reaper  
  4  9:38  Reaper  
Tags
 
Add a new tag
Caveats
  • Supply blocks, unpowered buildings, or Contaminate may cause inaccurate times.
  • Supply counts are checked every 10 seconds.